 Dungeon Crawl Stone Soup version 0.18.1-50-g88ac8fd (console) character file.

194514 Kloppie the Tortoise (level 18, -2/119 HPs)
             Began as a Gargoyle Fighter on Oct 22, 2016.
             Was the Champion of Makhleb.
             Hit by a large rock thrown by a stone giant (27 damage)
             ... on level 1 of the Depths.
             The game lasted 01:03:58 (29916 turns).

Kloppie the Tortoise (Gargoyle Fighter)            Turns: 29916, Time: 01:03:58

Health: -2/119     AC: 31    Str: 31      XL:     18   Next: 30%
Magic:  27/27      EV: 19    Int:  1 (8)  God:    Makhleb [******]
Gold:   1260       SH: 19    Dex: 11      Spells: 0 memorised, 17 levels left

rFire  + + .     SeeInvis .     a - +4 morningstar (flame)
rCold  . . .     Gourm    .     E - +7 plate armour "Lonov" {rF+ Stlth+}
rNeg   + . .     Faith    .     c - +0 shield
rPois  ∞         Spirit   .     d - +2 hat
rElec  +         Dismiss  .     x - +1 cloak
rCorr  .         Reflect  +     g - +2 pair of gloves
SustAt .         Harm     .     C - +0 pair of boots
MR     +....                    i - +4 amulet of reflection
Stlth  ..........               H - ring of Shaolin {EV+8}
                                y - ring "Ciruic" {rF+ Str+8 Dex-4 Slay+5 Stlth-}

@: corroded, somewhat resistant to hostile enchantments, extremely unstealthy
A: big wings, deterioration 1, negative energy resistance 1, electricity
resistance, unbreathing, petrification resistance, rot immunity, sturdy frame 1,
AC +13
a: Fly, Minor Destruction, Lesser Servant of Makhleb, Major Destruction, Greater
Servant of Makhleb, Renounce Religion
}: 1/15 runes: decaying


You were on level 1 of the Depths.
You worshipped Makhleb.
Makhleb was exalted by your worship.
You were not hungry.

You visited 7 branches of the dungeon, and saw 34 of its levels.
You visited the Abyss 1 time.
You also visited: Sewer and Volcano.

You collected 3172 gold pieces.
You spent 1912 gold pieces at shops.

Inventory:

Hand Weapons
 a - a +4 morningstar of flaming (weapon)
 b - a +2 morningstar of protection
Armour
 c - a +0 shield (worn)
 d - a +2 hat (worn)
 g - a +2 pair of gloves (worn)
 x - a +1 cloak (worn)
 C - a +0 pair of boots (worn)
 E - the +7 plate armour "Lonov" (worn) {rF+ Stlth+}
   (You found it on level 1 of the Swamp)

   It protects you from fire.
   It makes you more stealthy.
Jewellery
 i - a +4 amulet of reflection (around neck)
 l - an uncursed ring of ice
 o - an uncursed ring of sustain attributes
 p - an uncursed amulet of guardian spirit
 y - the ring "Ciruic" (left hand) {rF+ Str+8 Dex-4 Slay+5 Stlth-}
   (You bought it in a shop on level 6 of the Dungeon)

   [ring of protection from fire]

   It affects your strength (+8).
   It affects your dexterity (-4).
   It affects your accuracy and damage with ranged weapons and melee attacks
   (+5).
   It protects you from fire.
   It makes you less stealthy.
 H - the ring of Shaolin (right hand) {EV+8}
   (You found it on level 6 of the Dungeon)

   [ring of evasion]

   It affects your evasion (+8).
 K - an uncursed ring of positive energy
Wands
 q - a wand of teleportation (5/9)
 B - a wand of digging (10/24)
 L - a wand of disintegration (9/24)
Scrolls
 e - 8 scrolls of recharging
 h - 7 scrolls of enchant armour
 j - 7 scrolls of enchant weapon
 m - 5 scrolls of blinking
 n - 17 scrolls of remove curse
 t - 10 scrolls of magic mapping
 F - 6 scrolls of identify
 M - 2 scrolls of fear
 Q - 4 scrolls of teleportation
 T - 2 scrolls of fog
Potions
 k - 5 potions of haste
 r - a potion of agility
 s - 4 potions of heal wounds
 v - 12 potions of curing
 D - 4 potions of resistance
 G - 5 potions of might
 N - 3 potions of invisibility
 S - 2 potions of cancellation
Comestibles
 f - 20 bread rations
 z - 7 beef jerkies
 A - 11 meat rations
 U - 2 slices of pizza


   Skills:
 + Level 15.0 Fighting
 - Level 16.0 Maces & Flails
 + Level 16.3 Armour
 - Level 5.5 Dodging
 - Level 15.1 Shields
 - Level 13.1 Invocations


You had 17 spell levels left.
You didn't know any spells.

Dungeon Overview and Level Annotations

Branches:
Dungeon (15/15)            Temple (1/1) D:6            Lair (8/8) D:8
  Swamp (4/4) Lair:6        Snake (3/4) Lair:6        Slime (0/6) Lair:6
    Orc (2/2) D:9             Elf (0/3) Orc:2        Vaults (0/5) D:14
 Depths (1/5) D:15

Altars:
Ashenzari
Cheibriados
Dithmenos
Elyvilon
Fedhas
Gozag
Kikubaaqudgha
Makhleb
Nemelex Xobeh
Okawaru
Pakellas
Qazlal
Ru
Sif Muna
Trog
Vehumet
Xom
Yredelemnul
Zin
The Shining One

Shops:
D:6 =   D:8 }   D:9 ?   Orc:2 =[[*   Snake:1 =

Portals:
Hell: Lair:8

Annotations:
Lair:2 Sonja


Innate Abilities, Weirdness & Mutations

You are resistant to torment.
Your stone body is resilient (AC +13).
You are immune to poison.
Your large and strong wings let you fly indefinitely.
You resist negative energy.
You are resistant to electric shocks.
You can survive without breathing.
You are immune to petrification.
You are immune to rotting.
Your body sometimes deteriorates upon taking damage.
Your movements are slightly less encumbered by armour (ER -2).


Message History

You kill the giant orange brain!
Makhleb accepts your kill.
You feel better.
The stone giant dissolves into shadows!
The frost giant dissolves into shadows!
The water elemental hits you.
The water elemental engulfs you in water!
A stone giant and a rakshasa come into view.
With effort, you pull free of the water engulfing you.
The water engulfing you falls away.
Found a club.
You barely miss the water elemental.
The water elemental is moderately damaged.
The stone giant shouts!
You block the water elemental's attack.
The stone giant throws a large rock.
The large rock hits you!!
* * * LOW HITPOINT WARNING * * *
You bludgeon the water elemental!! You burn the water elemental!
The water elemental is almost destroyed.
You block the water elemental's attack.
The stone giant throws a large rock.
The large rock hits you!!
You die...

##...........≈....
.............≈≈≈.≈).#
..≈........≈.%...≈≈..
..≈≈....≈≈.≈≈≈≈≈≈≈≈..
..≈≈.....≈.≈≈≈≈≈≈≈≈≈.
.≈≈≈........).≈≈≈≈≈≈.
...≈........#.≈≈≈≈≈≈.
........R...#.≈≈≈≈≈..
............E@.......
.....#...............
.....#........#....##
.................###
...........?.#.##
##...........#
#.##....#...# ##
#####..C.# ...#


You could see a stone giant, a rakshasa and a water elemental.

Vanquished Creatures
  the Lernaean hydra (Swamp:4)
  Rupert (Lair:3)
  2 tentacled starspawn (Abyss:2)
  Kirke (Swamp:3)
  3 thorn hunters
  Aizul (Snake:2)
  A very ugly thing (Swamp:2)
  Azrael (D:12)
  An ettin (Depths:1)
  A vault guard (D:14)
  A fire dragon (Depths:1)
  A yaktaur captain (D:15)
  A great orb of eyes (Depths:1)
  10 naga warriors
  22 hydras
  4 centaur warriors
  3 anacondas
  2 tengu warriors (D:15)
  12 alligators
  3 deep troll earth magi (Depths:1)
  5 death yaks
  2 shock serpents
  6 naga sharpshooters
  A sun demon (Lair:8)
  Nergalle (D:10)
  A sea snake (Snake:1)
  A salamander mystic (Snake:3)
  A wretched star (Abyss:2)
  A wizard (Lair:8)
  2 unseen horrors
  A deep troll (Depths:1)
  A spatial maelstrom (Abyss:2)
  11 swamp dragons
  A giant orange brain (Depths:1)
  7 hill giants
  2 naga ritualists
  2 shambling mangroves
  5 orc knights
  An orc sorcerer (Orc:1)
  6 ugly things
  6 mana vipers
  7 salamanders
  5 cyclopes
  3 deep elf magi
  A sixfirhy (Lair:8)
  A manticore (D:14)
  A griffon (D:15)
  2 hornets
  6 elephants
  23 black mambas
  2 guardian serpents
  10 naga magi
  3 molten gargoyles (Volcano)
  A rust devil (Abyss:2)
  A smoke demon (Lair:8)
  A gargoyle (Volcano)
  A torpor snail (Lair:5)
  3 centaur zombies
  24 spiny frogs
  2 orange demons (Lair:8)
  6 rime drakes
  2 efreet
  An ancient zyme (Abyss:2)
  A tengu conjurer (D:15)
  12 komodo dragons
  A yaktaur (D:15)
  6 ice devils (Lair:8)
  2 red devils (Lair:8)
  A troll (shapeshifter) (D:13)
  A merfolk (D:12)
  A polar bear (Lair:4)
  2 giant leeches
  3 trolls
  4 two-headed ogres
  8 bog bodies
  15 slime creatures
  A hornet zombie (D:15)
  27 blink frogs
  2 small abominations (Abyss:2)
  2 shadows
  A wraith (D:10)
  A vampire (D:9)
  39 yaks
  A spriggan (Swamp:4)
  2 wyverns
  4 basilisks
  A hog (Swamp:3)
  4 water elementals (D:15)
  15 hippogriffs
  23 vampire mosquitoes
  3 fire bats (Abyss:2)
  5 fire elementals
  A large abomination (Abyss:2)
  A chaos spawn (Abyss:2)
  A neqoxec (Abyss:2)
  Menkaure (D:6)
  12 insubstantial wisps
  2 wargs
  A soldier ant (shapeshifter) (D:9)
  2 mottled dragons
  A soldier ant (D:13)
  2 spatial vortices (Abyss:2)
  30 nagas
  20 swamp worms
  8 porcupines
  4 hell hounds (D:12)
  18 water moccasins
  13 swamp drakes
  7 ice beasts
  40 orc warriors
  A black bear (D:8)
  4 sky beasts
  2 phantoms
  An eye of draining (D:13)
  13 wasps
  22 centaurs
  8 ogres
  A necrophage (D:9)
  22 crocodiles
  2 big kobolds
  13 giant frogs
  7 scorpions
  18 killer bees
  3 wights
  8 electric eels
  5 howler monkeys
  7 crimson imps
  The ghost of Blank the Gusty, a weakling HEAE of Xom (D:3)
  A giant frog zombie (D:10)
  6 hounds
  19 jellies
  12 orc priests
  A giant frog skeleton (D:13)
  3 centaur skeletons
  A gnoll shaman (D:8)
  18 iguanas
  23 orc wizards
  6 worker ants
  2 killer bee zombies
  8 sheep
  2 hound zombies
  12 gnolls
  12 adders
  102 river rats
  2 oozes
  An adder skeleton (D:4)
  3 worms
  2 dart slugs
  5 giant geckos
  77 orcs
  6 giant cockroaches
  6 goblins
  9 hobgoblins
  12 jackals
  13 kobolds
  8 quokkas
  4 ball pythons
  8 bats
  A giant gecko skeleton (D:5)
  8 giant newts
  A jackal zombie (D:7)
  A quokka skeleton (D:7)
  A quokka zombie (D:6)
  10 rats
  2 briar patches
  3 fire vortices (Volcano)
  2 starspawn tentacles (Abyss:2)
1145 creatures vanquished.

Vanquished Creatures (collateral kills)
  3 orcs (Orc:1)
3 creatures vanquished.

Vanquished Creatures (others)
  A hydra (Swamp:4)
  2 naga sharpshooters (Snake:2)
  A swamp dragon (Swamp:4)
  A wasp (Swamp:4)
  A giant frog skeleton (D:12)
  An iguana (D:12)
  A giant gecko (D:3)
  A briar patch (Swamp:3)
  A bush (Lair:2)
  10 fungi
  3 plants
  4 starspawn tentacles (Abyss:2)
  16 starspawn tentacle segments (Abyss:2)
43 creatures vanquished.

Grand Total: 1191 creatures vanquished

Notes
Turn   | Place    | Note
--------------------------------------------------------------
     0 | D:1      | Kloppie the Gargoyle Fighter began the quest for the Orb.
     0 | D:1      | Reached XP level 1. HP: 14/14 MP: 1/1
   744 | D:2      | Reached XP level 2. HP: 19/19 MP: 2/2
   876 | D:2      | Reached XP level 3. HP: 18/23 MP: 3/3
  1071 | D:2      | Found a sparkling altar of Nemelex Xobeh.
  1257 | D:3      | Noticed Blank's ghost (weakling HEAE)
  1270 | D:3      | Killed Blank's ghost
  1270 | D:3      | Reached XP level 4. HP: 21/28 MP: 4/4
  1663 | D:2      | Reached XP level 5. HP: 23/32 MP: 5/5
  1667 | D:2      | Reached skill level 5 in Shields
  1889 | D:3      | Found a shadowy altar of Dithmenos.
  2269 | D:3      | Found a basalt altar of Yredelemnul.
  2274 | D:3      | Noticed a profane servitor
  2281 | D:3      | Found a glowing golden altar of the Shining One.
  2283 | D:3      | Noticed an angel
  2450 | D:4      | Found a glowing drain.
  2468 | D:4      | Reached XP level 6. HP: 34/37 MP: 4/6
  2577 | Sewer    | Entered a sewer
  2933 | D:4      | Found a bloodstained altar of Trog.
  3014 | D:4      | Found an oddly glowing altar of Pakellas.
  3021 | D:4      | Found an ancient bone altar of Kikubaaqudgha.
  3048 | D:4      | Reached skill level 5 in Maces & Flails
  3486 | D:4      | Reached XP level 7. HP: 41/41 MP: 7/7
  3497 | D:4      | Found a radiant altar of Vehumet.
  3999 | D:5      | Entered Level 5 of the Dungeon
  4237 | D:5      | Reached XP level 8. HP: 46/46 MP: 8/8
  4615 | D:6      | Noticed Menkaure
  4622 | D:6      | Killed Menkaure
  4730 | D:6      | Reached skill level 5 in Fighting
  4753 | D:6      | Found a glowing silver altar of Zin.
  4816 | D:6      | Found a burning altar of Makhleb.
  4920 | D:6      | Found a shattered altar of Ashenzari.
  5025 | D:6      | Found Vaomiwn's Jewellery Shoppe.
  5043 | D:6      | Bought a cursed ring of teleportation for 67 gold pieces
  5043 | D:6      | Bought a cursed -2 ring of evasion for 30 gold pieces
  5062 | D:6      | Found a staircase to the Ecumenical Temple.
  5303 | Temple   | Entered the Ecumenical Temple
  5456 | D:6      | Became a worshipper of Makhleb the Destroyer
  5490 | D:7      | Reached XP level 9. HP: 56/56 MP: 9/9
  6115 | D:8      | Reached * piety under Makhleb
  6536 | D:8      | Noticed a two-headed ogre
  6544 | D:8      | Killed a two-headed ogre
  6548 | D:8      | Found a staircase to the Lair.
  6551 | D:8      | Noticed an elephant
  6594 | D:8      | Killed an elephant
  6594 | D:8      | Reached skill level 10 in Maces & Flails
  6594 | D:8      | Reached skill level 10 in Shields
  6594 | D:8      | Reached XP level 10. HP: 59/61 MP: 10/10
  6740 | D:8      | Noticed a cyclops
  6741 | D:8      | Found a radiant altar of Vehumet.
  6741 | D:8      | Found a shimmering altar of Xom.
  6750 | D:8      | Killed a cyclops
  7209 | D:8      | Found Mot Far's Gadget Shop.
  7384 | D:9      | Found a staircase to the Orcish Mines.
  7401 | D:9      | Reached ** piety under Makhleb
  7583 | D:9      | Found Wovvufe's Magic Scroll Boutique.
  7588 | D:9      | Bought a scroll of fear for 42 gold pieces
  7612 | D:9      | Found a snail-covered altar of Cheibriados.
  7613 | D:9      | Found a sacrificial altar of Ru.
  8093 | Lair:1   | Entered Level 1 of the Lair of Beasts
  8180 | Lair:1   | Reached *** piety under Makhleb
  8196 | Lair:1   | Noticed a spiny frog
  8199 | Lair:1   | Noticed a spiny frog
  8200 | Lair:1   | Noticed a spiny frog
  8211 | Lair:1   | Killed a spiny frog
  8211 | Lair:1   | Reached skill level 5 in Armour
  8220 | Lair:1   | Killed a spiny frog
  8220 | Lair:1   | Reached XP level 11. HP: 66/66 MP: 11/11
  9001 | Lair:2   | Reached **** piety under Makhleb
  9021 | Lair:2   | Got a faintly glowing chain mail
  9044 | Lair:2   | Found a dark tunnel.
  9064 | Volcano  | Entered a volcano
  9096 | Volcano  | Noticed a lindwurm
  9533 | D:9      | Bought a scroll of identify for 24 gold pieces
  9533 | D:9      | Bought a scroll of identify for 24 gold pieces
  9533 | D:9      | Identified the +2 chain mail of Wonder {SInv} (You found it on level 2 of the Lair of Beasts)
  9850 | Lair:2   | Noticed a five-headed hydra
  9861 | Lair:2   | Killed a five-headed hydra
  9861 | Lair:2   | Reached XP level 12. HP: 73/73 MP: 12/12
 10058 | Lair:2   | Noticed Sonja
 10073 | Lair:2   | Cast into level 2 of the Abyss (Sonja)
 10196 | Abyss:2  | Noticed a wretched star
 10206 | Abyss:2  | Killed a wretched star
 10264 | Abyss:2  | Gained mutation: Your body sometimes deteriorates upon taking damage. [a neqoxec]
 10298 | Abyss:2  | Noticed a tentacled starspawn
 10314 | Abyss:2  | Killed a tentacled starspawn
 10422 | Abyss:2  | Noticed a tentacled starspawn
 10437 | Abyss:2  | Killed a tentacled starspawn
 10494 | Lair:2   | Escaped the Abyss
 10635 | Lair:3   | Noticed Rupert
 10669 | Lair:3   | Reached ***** piety under Makhleb
 10756 | Lair:3   | Killed Rupert
 10756 | Lair:3   | Reached skill level 15 in Shields
 10893 | Lair:3   | Reached XP level 13. HP: 78/78 MP: 13/13
 11969 | Lair:4   | Found a deep blue altar of Sif Muna.
 12177 | Lair:4   | Reached skill level 1 in Invocations
 12939 | Lair:5   | Reached ****** piety under Makhleb
 13000 | Lair:5   | Reached skill level 5 in Invocations
 13661 | Lair:5   | Gained mutation: Your large and strong wings let you fly indefinitely. [Gargoyle growth]
 13661 | Lair:5   | Reached XP level 14. HP: 84/84 MP: 15/18
 13979 | Lair:6   | Found a staircase to the Slime Pits.
 14131 | Lair:6   | Found a staircase to the Swamp.
 14143 | Lair:6   | Reached skill level 15 in Maces & Flails
 14200 | Lair:6   | Found a staircase to the Snake Pit.
 15891 | D:6      | Bought the ring "Ciruic" {rF+ Str+8 Dex-4 Slay+5 Stlth-} for 900 gold pieces
 15999 | Orc:1    | Entered Level 1 of the Orcish Mines
 16246 | Orc:2    | Entered Level 2 of the Orcish Mines
 16375 | Orc:2    | Found a staircase to the Elven Halls.
 16769 | Orc:2    | Reached skill level 10 in Armour
 16958 | Orc:2    | Found Faxty's Antique Armour Shoppe.
 16958 | Orc:2    | Found Myiran's Antique Armour Shop.
 16960 | Orc:2    | Found Herem's Jewellery Boutique.
 16962 | Orc:2    | Found Lionler's Assorted Antiques.
 16969 | Orc:2    | Bought a cursed -4 ring of intelligence for 26 gold pieces
 16975 | Orc:2    | Bought a scroll of identify for 62 gold pieces
 16975 | Orc:2    | Bought a scroll of identify for 62 gold pieces
 16975 | Orc:2    | Bought a runed bone wand for 124 gold pieces
 16975 | Orc:2    | Bought a glowing hat for 124 gold pieces
 16975 | Orc:2    | Bought a metallic emerald potion for 27 gold pieces
 17075 | Orc:1    | Paralysed by an orc sorcerer for 2 turns
 17481 | Lair:8   | Entered Level 8 of the Lair of Beasts
 17838 | Lair:8   | Found a burning altar of Makhleb.
 18212 | Lair:8   | Reached skill level 1 in Dodging
 18350 | Lair:8   | Reached XP level 15. HP: 88/88 MP: 21/21
 18751 | Lair:8   | Found a gateway to Hell.
 19120 | D:10     | Entered Level 10 of the Dungeon
 19288 | D:10     | Noticed Nergalle
 19294 | D:10     | Killed Nergalle
 19763 | D:11     | Gained mutation: Your movements are slightly less encumbered by armour (ER -2). [potion of beneficial mutation]
 20234 | D:12     | Noticed Azrael
 20266 | D:12     | Killed Azrael
 20271 | D:12     | Reached skill level 10 in Fighting
 20509 | D:12     | Reached skill level 5 in Dodging
 22487 | D:14     | Found a gate to the Vaults.
 22818 | D:15     | Entered Level 15 of the Dungeon
 22875 | D:15     | Reached skill level 10 in Invocations
 22934 | D:15     | Reached XP level 16. HP: 101/101 MP: 23/23
 23118 | D:15     | Found a staircase to the Depths.
 23901 | Swamp:1  | Entered Level 1 of the Swamp
 24167 | Swamp:1  | Got a scorched plate armour
 24575 | Swamp:1  | Identified the +7 plate armour "Lonov" {rF+ Stlth+} (You found it on level 1 of the Swamp)
 25199 | Swamp:2  | Got a bronze plate armour
 25216 | Swamp:2  | Identified the +10 plate armour "Koki" {rElec} (You found it on level 2 of the Swamp)
 25258 | Swamp:3  | Noticed a thorn hunter
 25283 | Swamp:3  | Killed a thorn hunter
 25392 | Swamp:3  | Noticed a thorn hunter
 25414 | Swamp:3  | Killed a thorn hunter
 25692 | Swamp:3  | Noticed Kirke
 25856 | Swamp:3  | Noticed a sphinx
 25868 | Swamp:3  | Killed Kirke
 26000 | Swamp:4  | Entered Level 4 of the Swamp
 26403 | Swamp:4  | Noticed a thorn hunter
 26419 | Swamp:4  | Killed a thorn hunter
 26429 | Swamp:4  | Reached XP level 17. HP: 80/108 MP: 13/26
 26526 | Swamp:4  | Noticed the 27-headed Lernaean hydra
 26547 | Swamp:4  | Killed the 27-headed Lernaean hydra
 26641 | Swamp:4  | Got a decaying rune of Zot
 27221 | Snake:1  | Entered Level 1 of the Snake Pit
 27287 | Snake:1  | Found Gete's Jewellery Boutique.
 27300 | Snake:1  | Bought a +4 amulet of reflection for 400 gold pieces
 27701 | Snake:1  | Reached skill level 15 in Armour
 28141 | Snake:2  | Noticed Aizul
 28153 | Snake:2  | Killed Aizul
 28511 | Snake:2  | Reached XP level 18. HP: 107/117 MP: 27/27
 29756 | Depths:1 | Entered Level 1 of the Depths
 29851 | Depths:1 | Reached skill level 15 in Fighting
 29916 | Depths:1 | Hit by a large rock thrown by a stone giant

Skill      XL: |  1  2  3  4  5  6  7  8  9 10 11 12 13 14 15 16 17 18 |
---------------+-------------------------------------------------------+-----
Shields        | 4 5 6 7 10 11 13 15 | 15.1
Maces & Flails | 3 4 5 6 8 10 11 13 14 16 | 16.0
Fighting       | 6 8 11 13 14 15 | 15.0
Armour         | 5 7 9 11 12 15 16 | 16.3
Invocations    | 6 8 10 13 | 13.1
Dodging        | 1 5 |  5.5

Action                   |  1- 3 |  4- 6 |  7- 9 | 10-12 | 13-15 | 16-18 || total
-------------------------+-------+-------+-------+-------+-------+-------++-------
Melee: Flail             |   111 |   330 |   327 |   363 |       |       ||  1131
       Morningstar       |       |       |       |   454 |  2273 |  1288 ||  4015
       Unarmed           |       |       |       |       |       |     7 ||     7
Invok: Lesser Servant of |       |       |       |       |     1 |       ||     1
 Abil: Fly               |       |       |       |       |     1 |     1 ||     2
Evoke: Wand              |       |       |     1 |       |       |       ||     1
  Use: Potion            |     1 |       |       |     2 |     1 |     4 ||     8
       Scroll            |       |     2 |    16 |     8 |    12 |     7 ||    45
 Stab: Confused          |       |       |       |       |       |     2 ||     2
  Eat: Chunk             |     1 |     8 |    11 |    13 |    41 |    11 ||    85
       Royal jelly       |       |       |       |     1 |       |     1 ||     2
       Meat ration       |       |       |       |       |       |     3 ||     3
Armor: Scale mail        |    62 |   245 |    93 |       |       |       ||   400
       Plate armour      |       |       |    24 |   311 |   724 |   612 ||  1671
Dodge: Dodged            |    45 |   119 |   125 |   334 |   945 |   858 ||  2426
Block: Shield            |    59 |   231 |   163 |   497 |  1527 |  1161 ||  3638
       Reflection        |       |       |       |       |       |    44 ||    44
